| TOP OF THE 1ST |
|
Vermont Lake Monsters batting - Pitching for Chicago (NYP) White Sox : RHP Troy O'Connor
|
|
Pitching: RHP Troy O'Connor
|
|
|
Batting: RHB Alberto Malagon
|
0-0: Ball 1-0: Foul Ball, location: 2F 1-1: Ball 2-1: Ball 3-1: Foul Ball, location: 2F 3-2: Strikes out swinging
|
|
Batting: SHB Berthold Frey
|
0-0: Foul Ball, location: 2F 0-1: Ground out 4-3 (Groundball, 4, EV 102.5 MPH)
|
|
Batting: LHB Felipe Gomez
|
0-0: Called Strike 0-1: Ball 1-1: Ball 2-1: Fly out, F7 (Flyball, 78XD, EV 85.6 MPH)
|
| Top of the 1st over - 0 runs, 0 hits, 0 errors, 0 left on base; Vermont 0 - Chicago (NYP) 0 |
| BOTTOM OF THE 1ST |
|
Chicago (NYP) White Sox batting - Pitching for Vermont Lake Monsters : RHP Jesse Clark
|
|
Pitching: RHP Jesse Clark
|
|
|
Batting: RHB Rafael Medina
|
0-0: Ball 1-0: Fly out, F6 (Flyball, 4MD, EV 87.5 MPH)
|
|
Batting: SHB Danny Gallegos
|
0-0: Called Strike 0-1: Ground out 6-3 (Groundball, 6M, EV 102.5 MPH)
|
|
Batting: LHB Anthony Mosley
|
0-0: Swinging Strike 0-1: Foul Ball, location: 2F 0-2: Fly out, F9 (Flyball, 89M, EV 96.9 MPH)
|
| Bottom of the 1st over - 0 runs, 0 hits, 0 errors, 0 left on base; Vermont 0 - Chicago (NYP) 0 |
| TOP OF THE 2ND |
|
Vermont Lake Monsters batting - Pitching for Chicago (NYP) White Sox : RHP Troy O'Connor
|
|
Batting: RHB Amare Brown
|
0-0: Called Strike 0-1: Ball 1-1: Ball 2-1: Foul Ball, location: 2F 2-2: Ground out 4-3 (Groundball, 4, EV 109.4 MPH)
|
|
Batting: RHB Edgardo Rivera
|
0-0: Ball 1-0: Called Strike 1-1: Called Strike 1-2: Foul Ball, location: 2F 1-2: Reached on error, E6 (Groundball, 56, EV 86.2 MPH)
|
|
Batting: RHB Jon Coleman
|
0-0: Fly out, F7 (Line Drive, 78S, EV 93.8 MPH)
|
|
Batting: SHB Steve Salafia
|
0-0: Ball 1-0: Swinging Strike 1-1: Called Strike 1-2: Foul Ball, location: 2F 1-2: SINGLE (Line Drive, 9S, EV 91.9 MPH) Edgardo Rivera to third Runner from 3rd tries for Home, throw by RF and OUT! 9-2
|
| Top of the 2nd over - 0 runs, 1 hit, 1 error, 1 left on base; Vermont 0 - Chicago (NYP) 0 |
| BOTTOM OF THE 2ND |
|
Chicago (NYP) White Sox batting - Pitching for Vermont Lake Monsters : RHP Jesse Clark
|
|
Batting: RHB Jeremy Lewis
|
0-0: Ball 1-0: SINGLE (Groundball, 6MD, EV 93.8 MPH)
|
|
Batting: RHB Shintaro Katsumata
|
0-0: Called Strike 0-1: Ball 1-1: Foul Ball, location: 2F 1-2: Ball 2-2: Fly out, F8 (Flyball, 8RXD, EV 80.6 MPH)
|
|
Batting: RHB Bobby Heagle
|
0-0: SINGLE (Groundball, 6S, EV 70.0 MPH) (infield hit) Jeremy Lewis to second
|
|
Batting: RHB Andy Huntley
|
0-0: Ball 1-0: Called Strike 1-1: Foul Ball, location: 2F 1-2: Foul Ball, location: 2F 1-2: Ball 2-2: Ball 3-2: Strikes out looking
|
|
Batting: RHB Eduardo Calderon
|
0-0: Swinging Strike 0-1: Swinging Strike 0-2: Ground out 4-3 (Groundball, 4, EV 109.4 MPH)
|
| Bottom of the 2nd over - 0 runs, 2 hits, 0 errors, 2 left on base; Vermont 0 - Chicago (NYP) 0 |
| TOP OF THE 3RD |
|
Vermont Lake Monsters batting - Pitching for Chicago (NYP) White Sox : RHP Troy O'Connor
|
|
Batting: SHB Mike Kirk
|
0-0: Called Strike 0-1: Called Strike 0-2: Strikes out swinging
|
|
Batting: RHB Scott Lister
|
0-0: SOLO HOME RUN (Flyball, 7D, EV 101.9 MPH), Distance : 378 ft
|
|
Batting: RHB Alberto Malagon
|
0-0: Called Strike 0-1: Ball 1-1: Ball 2-1: Foul Ball, location: 2F 2-2: Ball 3-2: Base on Balls
|
|
Batting: SHB Berthold Frey
|
0-0: Called Strike Balk! Alberto Malagon to second 0-1: Ground out 4-3 (Groundball, 4, EV 98.8 MPH) Alberto Malagon to third
|
|
Batting: LHB Felipe Gomez
|
0-0: Foul Ball, location: 2F 0-1: Ball 1-1: Swinging Strike 1-2: Strikes out looking
|
| Top of the 3rd over - 1 run, 1 hit, 0 errors, 1 left on base; Vermont 1 - Chicago (NYP) 0 |
| BOTTOM OF THE 3RD |
|
Chicago (NYP) White Sox batting - Pitching for Vermont Lake Monsters : RHP Jesse Clark
|
|
Batting: RHB Ighlas Mwara
|
0-0: Ball 1-0: Swinging Strike 1-1: Swinging Strike 1-2: Strikes out swinging
|
|
Batting: RHB Rafael Medina
|
0-0: Ground out 1-3 (Groundball, 13, EV 73.8 MPH)
|
|
Batting: SHB Danny Gallegos
|
0-0: Called Strike 0-1: Ball 1-1: SINGLE (Line Drive, 7LS, EV 111.9 MPH)
|
|
Batting: LHB Anthony Mosley
|
0-0: Ball Danny Gallegos steals 2nd base 1-0: Called Strike 1-1: Fly out, F8 (Line Drive, 8RD, EV 96.9 MPH)
|
| Bottom of the 3rd over - 0 runs, 1 hit, 0 errors, 1 left on base; Vermont 1 - Chicago (NYP) 0 |
| TOP OF THE 4TH |
|
Vermont Lake Monsters batting - Pitching for Chicago (NYP) White Sox : RHP Troy O'Connor
|
|
Batting: RHB Amare Brown
|
0-0: Called Strike 0-1: Ball 1-1: Foul Ball, location: 2F 1-2: Foul Ball, location: 2F 1-2: Strikes out looking
|
|
Batting: RHB Edgardo Rivera
|
0-0: Ground out 6-3 (Groundball, 6, EV 101.9 MPH)
|
|
Batting: RHB Jon Coleman
|
0-0: Swinging Strike 0-1: Ball 1-1: Called Strike 1-2: Foul Ball, location: 2F 1-2: Ground out 6-3 (Groundball, 6, EV 90.6 MPH)
|
| Top of the 4th over - 0 runs, 0 hits, 0 errors, 0 left on base; Vermont 1 - Chicago (NYP) 0 |
| BOTTOM OF THE 4TH |
|
Chicago (NYP) White Sox batting - Pitching for Vermont Lake Monsters : RHP Jesse Clark
|
|
Batting: RHB Jeremy Lewis
|
0-0: Fly out, F5 (Popup, 5SF, EV 83.8 MPH)
|
|
Batting: RHB Shintaro Katsumata
|
0-0: Ball 1-0: Ball 2-0: Foul Ball, location: 2F 2-1: Foul Ball, location: 2F 2-2: Ball 3-2: Foul Ball, location: 2F 3-2: DOUBLE (Groundball, 5L, EV 105.6 MPH)
|
|
Batting: RHB Bobby Heagle
|
0-0: Ball 1-0: Ball 2-0: Ball 3-0: Called Strike 3-1: Ground out U3 (Groundball, 3L, EV 89.4 MPH) Shintaro Katsumata to third
|
|
Batting: RHB Andy Huntley
|
0-0: Ball 1-0: Called Strike 1-1: Foul Ball, location: 2F 1-2: Ground out 6-3 (Groundball, 6, EV 102.5 MPH)
|
| Bottom of the 4th over - 0 runs, 1 hit, 0 errors, 1 left on base; Vermont 1 - Chicago (NYP) 0 |
| TOP OF THE 5TH |
|
Vermont Lake Monsters batting - Pitching for Chicago (NYP) White Sox : RHP Troy O'Connor
|
|
Batting: SHB Steve Salafia
|
0-0: Ball 1-0: Ball 2-0: Called Strike 2-1: SINGLE (Groundball, 34D, EV 95.6 MPH)
|
|
Batting: SHB Mike Kirk
|
0-0: Ball 1-0: SINGLE (Groundball, 34D, EV 102.5 MPH) Steve Salafia to second Runner from 2nd tries for 3rd, SAFE, throw by RF made to third
|
|
Batting: RHB Scott Lister
|
0-0: Ball 1-0: Ball 2-0: Ball 3-0: Base on Balls Mike Kirk to second
|
|
Batting: RHB Alberto Malagon
|
0-0: Foul Ball, location: 2F 0-1: Ball 1-1: Ball 2-1: Swinging Strike 2-2: Foul Ball, location: 2F 2-2: Foul Ball, location: 2F 2-2: Ball 3-2: Grounds into fielders choice 6-2 (Groundball, 6, EV 82.5 MPH) Mike Kirk to third Scott Lister to second
|
|
Batting: SHB Berthold Frey
|
0-0: Ball 1-0: Ball 2-0: Called Strike 2-1: Grounds into fielders choice 4-2 (Groundball, 4, EV 107.5 MPH) Scott Lister to third Alberto Malagon to second
|
|
Batting: LHB Felipe Gomez
|
0-0: DOUBLE (Flyball, 89D, EV 88.1 MPH) Scott Lister scores Alberto Malagon scores Berthold Frey to third Runner from 3rd tries for Home, SAFE, throw by RF to home
|
|
Batting: RHB Amare Brown
|
0-0: Called Strike 0-1: Ball 1-1: Swinging Strike 1-2: Ball 2-2: Fly out, F9 (Flyball, 9D, EV 99.4 MPH)
|
| Top of the 5th over - 3 runs, 3 hits, 0 errors, 1 left on base; Vermont 4 - Chicago (NYP) 0 |
| BOTTOM OF THE 5TH |
|
Chicago (NYP) White Sox batting - Pitching for Vermont Lake Monsters : RHP Jesse Clark
|
|
Batting: RHB Eduardo Calderon
|
0-0: Ball 1-0: Fly out, F8 (Flyball, 8RD, EV 105.6 MPH)
|
|
Batting: RHB Ighlas Mwara
|
0-0: Ground out 3-1 (Groundball, 34, EV 87.5 MPH)
|
|
Batting: RHB Rafael Medina
|
0-0: Ball 1-0: Ball 2-0: Called Strike 2-1: Foul Ball, location: 2F 2-2: Ball 3-2: Base on Balls
|
|
Batting: SHB Danny Gallegos
|
0-0: Ball 1-0: Called Strike 1-1: Swinging Strike 1-2: Ground out 4-3 (Groundball, 4MD, EV 102.5 MPH)
|
| Bottom of the 5th over - 0 runs, 0 hits, 0 errors, 1 left on base; Vermont 4 - Chicago (NYP) 0 |
| TOP OF THE 6TH |
|
Vermont Lake Monsters batting - Pitching for Chicago (NYP) White Sox : RHP Troy O'Connor
|
|
Batting: RHB Edgardo Rivera
|
0-0: Ball 1-0: Foul Ball, location: 2F 1-1: Ground out 6-3 (Groundball, 56, EV 105.6 MPH)
|
|
Batting: RHB Jon Coleman
|
0-0: Ball 1-0: Foul Ball, location: 2F 1-1: Ball 2-1: Ground out 6-3 (Groundball, 6, EV 103.1 MPH)
|
|
Batting: SHB Steve Salafia
|
0-0: Ball 1-0: Ball 2-0: Called Strike 2-1: Foul Ball, location: 2F 2-2: Foul Ball, location: 2F 2-2: Foul Ball, location: 2F 2-2: Foul Ball, location: 2F 2-2: Strikes out swinging
|
| Top of the 6th over - 0 runs, 0 hits, 0 errors, 0 left on base; Vermont 4 - Chicago (NYP) 0 |
| BOTTOM OF THE 6TH |
|
Chicago (NYP) White Sox batting - Pitching for Vermont Lake Monsters : RHP Jesse Clark
|
|
Batting: LHB Anthony Mosley
|
0-0: Ball 1-0: Ball 2-0: Foul Ball, location: 2F 2-1: Foul Ball, location: 2F 2-2: Ball 3-2: Strikes out swinging
|
|
Batting: RHB Jeremy Lewis
|
0-0: Ball 1-0: Ball 2-0: Ground out 6-3 (Groundball, 6, EV 109.4 MPH)
|
|
Batting: RHB Shintaro Katsumata
|
0-0: Ball 1-0: Ball 2-0: SINGLE (Line Drive, 89M, EV 89.4 MPH)
|
|
Batting: RHB Bobby Heagle
|
0-0: Foul Ball, location: 2F 0-1: Ball 1-1: Called Strike 1-2: Strikes out looking
|
| Bottom of the 6th over - 0 runs, 1 hit, 0 errors, 1 left on base; Vermont 4 - Chicago (NYP) 0 |
| TOP OF THE 7TH |
|
Vermont Lake Monsters batting - Pitching for Chicago (NYP) White Sox : RHP Troy O'Connor
|
|
Batting: SHB Mike Kirk
|
0-0: Called Strike 0-1: Ball 1-1: Ground out 4-3 (Groundball, 34D, EV 100.0 MPH)
|
|
Pitching: RHP Antonio Ballesteros
|
|
|
Batting: RHB Scott Lister
|
0-0: Called Strike 0-1: Ball 1-1: Ball 2-1: Called Strike 2-2: Ball 3-2: Foul Ball, location: 2F 3-2: Strikes out swinging
|
|
Batting: RHB Alberto Malagon
|
0-0: Called Strike 0-1: Ball 1-1: Ball 2-1: Called Strike 2-2: SINGLE (Groundball, 4D, EV 95.0 MPH)
|
|
Batting: SHB Berthold Frey
|
0-0: Ball 1-0: Ball Alberto Malagon steals 2nd base 2-0: Called Strike 2-1: Swinging Strike 2-2: Strikes out swinging
|
| Top of the 7th over - 0 runs, 1 hit, 0 errors, 1 left on base; Vermont 4 - Chicago (NYP) 0 |
| BOTTOM OF THE 7TH |
|
Chicago (NYP) White Sox batting - Pitching for Vermont Lake Monsters : RHP Jesse Clark
|
|
Batting: RHB Andy Huntley
|
0-0: Fly out, F7 (Flyball, 7LS, EV 96.2 MPH)
|
|
Batting: RHB Eduardo Calderon
|
0-0: Ball 1-0: Foul Ball, location: 2F 1-1: Ball 2-1: Swinging Strike 2-2: SINGLE (Groundball, 34D, EV 94.4 MPH)
|
|
Batting: RHB Ighlas Mwara
|
0-0: Called Strike 0-1: Ball 1-1: DOUBLE (Groundball, 5L, EV 105.0 MPH) Eduardo Calderon to third
|
|
Batting: RHB Rafael Medina
|
0-0: Called Strike 0-1: Ball 1-1: Reached on error, E3 (Groundball, 13, EV 88.1 MPH) Eduardo Calderon scores Ighlas Mwara to third
|
|
Pitching: RHP Juan Lucero
|
|
|
Batting: SHB Danny Gallegos
|
0-0: Ball 1-0: DOUBLE (Line Drive, 7LM, EV 107.5 MPH) Ighlas Mwara scores Rafael Medina to third Runner from 3rd tries for Home, SAFE, throw by LF to home
|
|
Batting: LHB Anthony Mosley
|
0-0: Fly out, F9 (Line Drive, 9LM, EV 90.6 MPH)
|
|
Batting: RHB Jeremy Lewis
|
0-0: Hit by Pitch
|
|
Batting: RHB Shintaro Katsumata
|
0-0: Fly out, F9 (Line Drive, 9D, EV 95.0 MPH)
|
| Bottom of the 7th over - 3 runs, 3 hits, 1 error, 2 left on base; Vermont 4 - Chicago (NYP) 3 |
| TOP OF THE 8TH |
|
Vermont Lake Monsters batting - Pitching for Chicago (NYP) White Sox : RHP Antonio Ballesteros
|
|
Batting: LHB Felipe Gomez
|
0-0: Called Strike 0-1: Ball 1-1: Foul Ball, location: 2F 1-2: Foul Ball, location: 2F 1-2: Foul Ball, location: 2F 1-2: Strikes out swinging
|
|
Batting: RHB Amare Brown
|
0-0: Called Strike 0-1: Ball 1-1: SINGLE (Line Drive, 7LS, EV 108.1 MPH)
|
|
Batting: RHB Edgardo Rivera
|
0-0: Called Strike 0-1: Called Strike 0-2: Foul Ball, location: 2F 0-2: Ball 1-2: Ball 2-2: Ball 3-2: Foul Ball, location: 2F 3-2: SINGLE (Line Drive, 6D, EV 95.0 MPH) Amare Brown to second
|
|
Batting: LHB Brian Puccio
|
0-0: Called Strike 0-1: Foul Ball, location: 2F 0-2: Ball 1-2: Strikes out swinging
|
|
Batting: SHB Steve Salafia
|
0-0: Ball 1-0: Ball 2-0: Ball 3-0: Called Strike 3-1: Base on Balls Amare Brown to third Edgardo Rivera to second
|
|
Pitching: RHP Mike Wheeler
|
|
|
Batting: SHB Mike Kirk
|
0-0: Foul Ball, location: 2F 0-1: Foul Ball, location: 2F 0-2: Foul Ball, location: 2F 0-2: Strikes out swinging
|
| Top of the 8th over - 0 runs, 2 hits, 0 errors, 3 left on base; Vermont 4 - Chicago (NYP) 3 |
| BOTTOM OF THE 8TH |
|
Chicago (NYP) White Sox batting - Pitching for Vermont Lake Monsters : RHP Juan Lucero
|
|
Batting: RHB Bobby Heagle
|
0-0: Ball 1-0: Called Strike 1-1: Ball 2-1: Ground out 6-3 (Groundball, 56, EV 104.4 MPH)
|
|
Batting: RHB Andy Huntley
|
0-0: Ball 1-0: Ground out 6-3 (Groundball, 56S, EV 76.2 MPH)
|
|
Batting: RHB Eduardo Calderon
|
0-0: Ball 1-0: Ball 2-0: Ball 3-0: Called Strike 3-1: Swinging Strike 3-2: Foul Ball, location: 2F 3-2: Strikes out swinging
|
| Bottom of the 8th over - 0 runs, 0 hits, 0 errors, 0 left on base; Vermont 4 - Chicago (NYP) 3 |
| TOP OF THE 9TH |
|
Vermont Lake Monsters batting - Pitching for Chicago (NYP) White Sox : RHP Mike Wheeler
|
|
Batting: RHB Scott Lister
|
0-0: Ball 1-0: Fly out, F9 (Flyball, 9D, EV 90.0 MPH)
|
|
Batting: RHB Alberto Malagon
|
0-0: Ball 1-0: Ball 2-0: Foul Ball, location: 2F 2-1: Ball 3-1: Base on Balls
|
|
Batting: SHB Berthold Frey
|
0-0: Ball 1-0: Ball 2-0: Ball 3-0: Called Strike 3-1: Swinging Strike 3-2: Base on Balls Alberto Malagon to second
|
|
Pitching: RHP Jose Barreras
|
|
|
Batting: LHB Felipe Gomez
|
0-0: SINGLE (Line Drive, 8RS, EV 92.5 MPH) Alberto Malagon to third Berthold Frey to second Runner from 3rd tries for Home, SAFE, throw by CF to home Berthold Frey to third Felipe Gomez to second
|
|
Batting: RHB Amare Brown
|
0-0: 3-RUN HOME RUN (Flyball, 78XD, EV 109.4 MPH), Distance : 431 ft
|
|
Batting: RHB Edgardo Rivera
|
0-0: Swinging Strike 0-1: Ball 1-1: Foul Ball, location: 2F 1-2: Strikes out looking
|
|
Batting: LHB Brian Puccio
|
0-0: Swinging Strike 0-1: Swinging Strike 0-2: Strikes out swinging
|
| Top of the 9th over - 4 runs, 2 hits, 0 errors, 0 left on base; Vermont 8 - Chicago (NYP) 3 |
| BOTTOM OF THE 9TH |
|
Chicago (NYP) White Sox batting - Pitching for Vermont Lake Monsters : RHP Juan Lucero
|
|
Batting: RHB Ighlas Mwara
|
0-0: DOUBLE (Groundball, 3L, EV 110.0 MPH)
|
|
Batting: RHB Rafael Medina
|
0-0: Ball 1-0: Swinging Strike 1-1: Foul Ball, location: 2F 1-2: Ball 2-2: Foul Ball, location: 2F 2-2: Strikes out swinging
|
|
Batting: SHB Danny Gallegos
|
0-0: Ball 1-0: Ground out 4-3 (Groundball, 4, EV 88.8 MPH) Ighlas Mwara to third
|
|
Batting: LHB Anthony Mosley
|
0-0: Ground out 3-1 (Groundball, 34S, EV 63.8 MPH)
|
| Bottom of the 9th over - 0 runs, 1 hit, 0 errors, 1 left on base; Vermont 8 - Chicago (NYP) 3 |
|